Workbook

Sheet HEIMCORE
A1: 2 | B1: VERIFICACION REQUISITOS HABILITANTES FINANCIEROS Y DE CAPACIDAD ORGANIZACIONAL
B3: PROCESO | C3: ='DATOS ENTRADA'!B9 -> SASI-009-2023
B5: OBJETO | C5: ='DATOS ENTRADA'!B10 -> ADQUISICIÓN, RENOVACIÓN E IMPLEMENTACIÓN DE DIFERENTES SOLUCIONES TECNOLÓGICAS, PARA EL FORTALECIMIENTO DE LA INFRAESTRUCTURA, NETWORKING Y SEGURIDAD DE LA INFORMACIÓN PARA EL MINISTERIO DE TRANSPORTE
B7: EMPRESA | C7: =LOOKUP(A1,'DATOS ENTRADA'!A2:A7,'DATOS ENTRADA'!B2:B7) -> HEIMCORE S.A.S
B9: VERIFICACIÓN INDICADORES
B11: INDICADOR | C11: FORMULA | D11: CRITERIO | E11: REQUISITO HABILITANTE | F11: VALOR PROPONENTE | G11: RESULTADO | H11: DOCUMENTO ELECTRONICO | I11: OBSERVACIONES
B12: Capital de trabajo | C12: Activo corriente - Pasivo corriente | D12: Mayor o igual al 20% del presupuesto oficial | E12: ='DATOS ENTRADA'!F5*20% -> 76719554 | F12: =41841019597-24024980820 -> 17816038777 | G12: =IF(F12>=E12,"HABILITADO","NO HABILITADO") -> HABILITADO | H12: 9. RUP HEIMCORE_1.pdf | N12: =IF(G12="HABILITADO",0,1) -> 0
B13: Índice de Liquidez | C13: Activo Corriente / Pasivo Corriente | D13: Mayor o igual a 1,05 | E13: 1.05 | F13: 1.74 | G13: =IF(F13>=E13,"HABILITADO","NO HABILITADO") -> HABILITADO | H13: 9. RUP HEIMCORE_1.pdf | N13: =IF(G13="HABILITADO",0,1) -> 0
B14: Nivel de Endeudamiento | C14: Pasivo Total / Activo Total | D14: Menor o igual a 70% | E14: 0.7 | F14: 0.61 | G14: =IF(F14<=E14,"HABILITADO","NO HABILITADO") -> HABILITADO | H14: 9. RUP HEIMCORE_1.pdf | N14: =IF(G14="HABILITADO",0,1) -> 0
B15: Cobertura de Intereses | C15: Utilidad Operacional / Gastos de Intereses | D15: Mayor o igual a 0,00 | E15: 0 | F15: 19.77 | G15: =IF(F15>=E15,"HABILITADO","NO HABILITADO") -> HABILITADO | H15: 9. RUP HEIMCORE_1.pdf | N15: =IF(G15="HABILITADO",0,1) -> 0
B16: Rentabilidad del Patrimonio | C16: Utilidad Operacional / Patrimonio | D16: Mayor o igual a 0.00 | E16: 0 | F16: 0.65 | G16: =IF(F16>=E16,"HABILITADO","NO HABILITADO") -> HABILITADO | H16: 9. RUP HEIMCORE_1.pdf | N16: =IF(G16="HABILITADO",0,1) -> 0
B17: Rentabilidad del Activo | C17: Utilidad Operacional / Activo Total | D17: Mayor o igual a 0.00 | E17: 0 | F17: 0.24 | G17: =IF(F17>=E17,"HABILITADO","NO HABILITADO") -> HABILITADO | H17: 9. RUP HEIMCORE_1.pdf | N17: =IF(G17="HABILITADO",0,1) -> 0
B19: VERIFICACION FIRMEZA RUP
B21: DESCRIPCIÓN | C21: FECHA LIMITE | D21: CRITERIO | F21: FECHA | G21: RESULTADO | H21: DOCUMENTO ELECTRONICO | I21: OBSERVACIONES
B22: Fecha Expedición | C22: 45069 | D22: Todas las personas naturales o jurídicas nacionales y cuando se trate de Consorcio o Unión Temporal, cada uno de los integrantes, que aspiren a celebrar el contrato que se derive del presente proceso contractual, deberán acreditar su inscripción VIGENTE Y EN FIRME en el Registro Único de Proponentes, de conformidad con lo establecido en el artículo 6º de la Ley 1150 de 2007, el Decreto 1082 de 2015 y demás normas que regulan la materia. | F22: 45097 | G22: =IF(F22<M22,"NO HABILITADO","HABILITADO") -> HABILITADO | H22: 9. RUP HEIMCORE_1.pdf | M22: 45069 | N22: =IF(G22="HABILITADO",0,1) -> 0
B25: RESULTADO | F25: =IF(N25<>0,"NO HABILITADO","HABILITADO") -> HABILITADO | N25: =SUM(N12:N17,N22:N22) -> 0

Sheet TSP SAS
A1: 1 | B1: VERIFICACION REQUISITOS HABILITANTES FINANCIEROS Y DE CAPACIDAD ORGANIZACIONAL
B3: PROCESO | C3: ='DATOS ENTRADA'!B9 -> SASI-009-2023
B5: OBJETO | C5: ='DATOS ENTRADA'!B10 -> ADQUISICIÓN, RENOVACIÓN E IMPLEMENTACIÓN DE DIFERENTES SOLUCIONES TECNOLÓGICAS, PARA EL FORTALECIMIENTO DE LA INFRAESTRUCTURA, NETWORKING Y SEGURIDAD DE LA INFORMACIÓN PARA EL MINISTERIO DE TRANSPORTE
B7: EMPRESA | C7: =LOOKUP(A1,'DATOS ENTRADA'!A2:A7,'DATOS ENTRADA'!B2:B7) -> TSP TECHNOLOGY SOLUTIONS PROVIDER LTDA
B9: VERIFICACIÓN INDICADORES
B11: INDICADOR | C11: FORMULA | D11: CRITERIO | E11: REQUISITO HABILITANTE | F11: VALOR PROPONENTE | G11: RESULTADO | H11: DOCUMENTO ELECTRONICO | I11: OBSERVACIONES
B12: Capital de trabajo | C12: Activo corriente - Pasivo corriente | D12: Mayor o igual al 20% del presupuesto oficial | E12: ='DATOS ENTRADA'!F5*20% -> 76719554 | F12: =2361908942-1107837210 -> 1254071732 | G12: =IF(F12>=E12,"HABILITADO","NO HABILITADO") -> HABILITADO | H12: RUP 2023.pdf | N12: =IF(G12="HABILITADO",0,1) -> 0
B13: Índice de Liquidez | C13: Activo Corriente / Pasivo Corriente | D13: Mayor o igual a 1,05 | E13: 1.05 | F13: 2.13 | G13: =IF(F13>=E13,"HABILITADO","NO HABILITADO") -> HABILITADO | H13: RUP 2023.pdf | N13: =IF(G13="HABILITADO",0,1) -> 0
B14: Nivel de Endeudamiento | C14: Pasivo Total / Activo Total | D14: Menor o igual a 70% | E14: 0.7 | F14: 0.33 | G14: =IF(F14<=E14,"HABILITADO","NO HABILITADO") -> HABILITADO | H14: RUP 2023.pdf | N14: =IF(G14="HABILITADO",0,1) -> 0
B15: Cobertura de Intereses | C15: Utilidad Operacional / Gastos de Intereses | D15: Mayor o igual a 0,00 | E15: 0 | F15: 489.67 | G15: =IF(F15>=E15,"HABILITADO","NO HABILITADO") -> HABILITADO | H15: RUP 2023.pdf | N15: =IF(G15="HABILITADO",0,1) -> 0
B16: Rentabilidad del Patrimonio | C16: Utilidad Operacional / Patrimonio | D16: Mayor o igual a 0.00 | E16: 0 | F16: 0.4 | G16: =IF(F16>=E16,"HABILITADO","NO HABILITADO") -> HABILITADO | H16: RUP 2023.pdf | N16: =IF(G16="HABILITADO",0,1) -> 0
B17: Rentabilidad del Activo | C17: Utilidad Operacional / Activo Total | D17: Mayor o igual a 0.00 | E17: 0 | F17: 0.27 | G17: =IF(F17>=E17,"HABILITADO","NO HABILITADO") -> HABILITADO | H17: RUP 2023.pdf | N17: =IF(G17="HABILITADO",0,1) -> 0
B19: VERIFICACION FIRMEZA RUP
B21: DESCRIPCIÓN | C21: FECHA LIMITE | D21: CRITERIO | F21: FECHA | G21: RESULTADO | H21: DOCUMENTO ELECTRONICO | I21: OBSERVACIONES
B22: Fecha Expedición | C22: 45069 | D22: Todas las personas naturales o jurídicas nacionales y cuando se trate de Consorcio o Unión Temporal, cada uno de los integrantes, que aspiren a celebrar el contrato que se derive del presente proceso contractual, deberán acreditar su inscripción VIGENTE Y EN FIRME en el Registro Único de Proponentes, de conformidad con lo establecido en el artículo 6º de la Ley 1150 de 2007, el Decreto 1082 de 2015 y demás normas que regulan la materia. | F22: 45091 | G22: =IF(F22<M22,"NO HABILITADO","HABILITADO") -> HABILITADO | H22: RUP 2023.pdf | M22: 45069 | N22: =IF(G22="HABILITADO",0,1) -> 0
B25: RESULTADO | F25: =IF(N25<>0,"NO HABILITADO","HABILITADO") -> HABILITADO | N25: =SUM(N12:N17,N22:N22) -> 0

Sheet CONSOLIDADO
B1: VERIFICACION REQUISITOS HABILITANTES FINANCIEROS Y DE CAPACIDAD ORGANIZACIONAL
B3: PROCESO | C3: ='DATOS ENTRADA'!B9 -> SASI-009-2023
B5: OBJETO | C5: ='DATOS ENTRADA'!B10 -> ADQUISICIÓN, RENOVACIÓN E IMPLEMENTACIÓN DE DIFERENTES SOLUCIONES TECNOLÓGICAS, PARA EL FORTALECIMIENTO DE LA INFRAESTRUCTURA, NETWORKING Y SEGURIDAD DE LA INFORMACIÓN PARA EL MINISTERIO DE TRANSPORTE
B8: Numero | C8: EMPRESA | D8: RESULTADO | E8: OBSERVACIONES
B9: 1 | C9: ='DATOS ENTRADA'!B2 -> TSP TECHNOLOGY SOLUTIONS PROVIDER LTDA | D9: ='TSP SAS'!F25 -> HABILITADO | I9: =IF(D9="HABILITADO",0,1) -> 0
B10: 2 | C10: ='DATOS ENTRADA'!B3 -> HEIMCORE S.A.S | D10: =HEIMCORE!F25 -> HABILITADO | I10: =IF(D10="HABILITADO",0,1) -> 0

Sheet DATOS ENTRADA
A1: NUMERO | B1: PROPONENTE | E1: Lote | F1: Valor
A2: 1 | B2: TSP TECHNOLOGY SOLUTIONS PROVIDER LTDA | E2: 1 | F2: 54000000
A3: 2 | B3: HEIMCORE S.A.S | E3: 2 | F3: 251355370
A4: 3 | E4: 3 | F4: 1114921931
A5: 4 | E5: 4 | F5: 3.8359777e+08
A6: 5 | E6: 5 | F6: 259636248
A7: 6 | E7: 6 | F7: 697536767
F8: =SUM(F2:F7) -> 2.7610481e+09
A9: PROCESO | B9: SASI-009-2023
A10: OBJETO | B10: ADQUISICIÓN, RENOVACIÓN E IMPLEMENTACIÓN DE DIFERENTES SOLUCIONES TECNOLÓGICAS, PARA EL FORTALECIMIENTO DE LA INFRAESTRUCTURA, NETWORKING Y SEGURIDAD DE LA INFORMACIÓN PARA EL MINISTERIO DE TRANSPORTE
A11: VALOR LOTE | B11: =F5 -> 3.8359777e+08
